cohdb
Replays
Latest Replays
All Replays
Popular Replays
Top Player Replays
Match Explorer
How It Works
Community
CoH3 Stats
Reddit
Sign in to upload your games and track your stats! →
Sign in with Steam
Match 42430468
Unlisted
Match 42430468
Overview
Messages
Build Orders
End
Selects Air and Sea Battlegroup
Vickers Machine Gun Team
Construct Section Command Post
Dingo Light Scout Car
Infantry Section
Infantry Section
Infantry Section
Construct Platoon Command Post
Selects Commando Section Paradrop
Selects M1 Pack Howitzer Paradrop
M1 Pack Howitzer Paradrop
Construct Field Infirmary
Commando Section Paradrop
Selects Supply Surplus
6-pounder Anti-tank Gun Team
Infantry Section
Selects UNKNOWN (223837)
Selects UNKNOWN (223837)
Vickers Machine Gun Team
Construct Company Command Post
Crusader II Medium Tank
Unlock M3 Grant Medium Tanks
M3 Grant Medium Tank
Foot Guards Section
Royal Engineer Section
Selects Naval Bombardment
M3 Grant Medium Tank
mp5
Dawes
Khryss
Whitent
Tekkaz
Mako
SAAD II
Guerrilla161
0
0
Comments
sign in to comment!
No comments posted yet!